 Dungeon Crawl Stone Soup version 0.32-a0-893-gf85d74f360 (webtiles) character file.

Game seed: 12990039822394379047

1432 porpoise the Shooter (level 8, -9/63 HPs)
             Began as a Demonspawn Hunter on Apr 4, 2024.
             Mangled by an ogre
             ... wielding a +0 giant spiked club
              (23 damage)
             ... on level 5 of the Dungeon.
             The game lasted 00:10:17 (3715 turns).

porpoise the Shooter (Demonspawn Hunter)            Turns: 3715, Time: 00:10:18

Health: -9/63      AC:  9    Str:  8    XL:     8   Next: 45%
Magic:  8/8        EV: 10    Int: 11    God:
Gold:   226        SH:  0    Dex: 18    Spells: 7/7 levels left

rFire   . . .        a - +0 orcbow
rCold   . . .        (shield currently unavailable)
rNeg    . . .        d - +0 ring mail
rPois   .            (helmet restricted)
rElec   .            (no cloak)
rCorr   .            (no gloves)
SInv    +            m - +3 pair of boots of Weatt {+Inv Regen+ Str-3 SInv}
Will    .....        (no amulet)
Stlth   +++          (no ring)
HPRegen 1.10/turn    (no ring)
MPRegen 0.22/turn

%: no passive effects
@: no status effects
A: horns 1, magic regeneration, sturdy frame 1
a: Evoke Invisibility


You were on level 5 of the Dungeon.
You visited 1 branch of the dungeon, and saw 5 of its levels.

You collected 226 gold pieces.

Inventory:

Hand Weapons
 a - a +0 orcbow (weapon)
 r - a +0 mace
Armour
 d - a +0 ring mail (worn)
 m - the +3 pair of boots of Weatt (worn) {+Inv Regen+ Str-3 SInv}
   (You found it on level 2 of the Dungeon)

   Str-3:     It affects your strength (-3).
   SInv:      It lets you see invisible.
   +Inv:      It lets you turn invisible.
   Regen+:    It increases your rate of health regeneration.
Jewellery
 g - a ring of see invisible
Wands
 q - a wand of iceblast (8)
Scrolls
 b - a scroll of butterflies
 c - a scroll of blinking {unknown}
 e - a scroll of teleportation
 f - 3 scrolls of revelation
 h - a scroll of fear
 j - a scroll of enchant armour {unknown}
 k - a scroll of torment {unknown}
 l - a scroll of summoning {unknown}
 n - a scroll of fog {unknown}
 o - a scroll of poison {unknown}
 t - a scroll of noise {unknown}
 v - a scroll of acquirement {unknown}
Potions
 i - a potion of lignification
 p - 2 potions of haste {unknown}
 u - 3 potions of brilliance


   Skills:
 + Level 5.5 Fighting
 * Level 7.8 Ranged Weapons
 - Level 1.7 Dodging
 - Level 5.0 Stealth


You had 7 spell levels left.
You didn't know any spells.
Your spell library contained the following spells:

 Spells                   Type           Power      Damage    Failure   Level
 Magic Dart               Conj           0%         1d3       54%         1
 Ensorcelled Hibernation  Hex/Ice        0%         N/A       67%         2
 Lesser Beckoning         Tloc           0%         N/A       67%         2
 Searing Ray              Conj           0%         2d4       67%         2
 Fugue of the Fallen      Necr           0%         N/A       88%         3
 Maxwell's Portable Pile  Tloc           0%         2d(5-13)  88%         3
 Teleport Other           Tloc           0%         N/A       88%         3
 Anguish                  Hex/Necr       0%         N/A       99%         4
 Fulminant Prism          Conj/Alch      0%         3d5       99%         4


Dungeon Overview and Level Annotations

Branches:
Dungeon (5/15)
 Temple: D:4-7

Altars:
Ashenzari
Xom


Innate Abilities, Weirdness & Mutations

You have a pair of small horns on your head.
You regenerate magic rapidly.
Your movements are slightly less encumbered by armour. (ER -2)


Message History

You shoot an arrow.
The arrow hits the orc wizard but does no damage.
The orc wizard misses you. The adder closely misses you.
You shoot an arrow. The arrow hits the orc wizard!
The orc wizard is heavily wounded.
The adder closely misses you. The orc wizard closely misses you.
The adder bites you.
The orc wizard hits you but does no damage.
You shoot an arrow. The arrow hits the orc wizard!
You kill the orc wizard!
The adder closely misses you.
You shoot an arrow. The arrow barely misses the adder.
The adder bites you but does no damage. The adder bites you.
You shoot an arrow. The arrow hits the adder!
You kill the adder!
You hear a shout!
An ogre comes into view. It is wielding a +0 giant spiked club.
You shoot an arrow. The arrow barely misses the ogre.
You shoot an arrow. The arrow hits the ogre.
The ogre is lightly wounded.
You shoot an arrow.
The arrow hits the ogre but does no damage.
The ogre is lightly wounded.
The ogre hits you with a +0 giant spiked club!
You shoot an arrow.
The arrow hits the ogre but does no damage.
The ogre is lightly wounded.
You shoot an arrow. The arrow hits the ogre.
The ogre is moderately wounded.
The ogre hits you with a +0 giant spiked club!!
You are too injured to fight recklessly!
You are too injured to fight recklessly!
You shoot an arrow. The arrow hits the ogre.
The ogre is moderately wounded.
The ogre hits you with a +0 giant spiked club!!
* * * LOW HITPOINT WARNING * * *
You shoot an arrow. The arrow hits the ogre.
The ogre is heavily wounded.
The ogre hits you with a +0 giant spiked club!!
You die...

................
................. .
.###............. ..
## ###...........#.
...##.
.............#.
.)....#
#.........#### .)...
##......... ##.
#))###.......#####..
#O@.##.............
##..#.....(......##
#...#...........##
#......#..........
##.....#..........
...................
#.....#.............
#....####..#..##....
#...## ............


You could see an ogre.

Vanquished Creatures
  Pikel (D:4)
  A water moccasin (D:4)
  An ice beast (D:5)
  An ogre (D:5)
  A lemure (D:4)
  A phantom (D:4)
  3 scorpions
  A bombardier beetle (D:5)
  A jelly (D:5)
  An orc priest (D:5)
  A hound (D:5)
  2 iguanas (D:4)
  Natasha (thrice) (D:3)
  An orc wizard (D:5)
  7 gnolls
  6 adders
  A shadow imp (D:5)
  A dart slug (D:1)
  A ribbon worm (D:2)
  7 orcs
  7 bats
  7 endoplasms
  5 giant cockroaches
  5 goblins
  8 hobgoblins
  2 jackals (D:1)
  5 quokkas
  7 ball pythons
  2 frilled lizards (D:1)
  6 kobolds
  8 rats
104 creatures vanquished.

Notes
Turn   | Place    | Note
-------+----------+-------------------------------------------
     0 | D:1      | porpoise the Demonspawn Hunter began the quest for the Orb.
     0 | D:1      | Reached XP level 1. HP: 16/16 MP: 1/1
    16 | D:1      | Reached skill level 1 in Stealth
    84 | D:1      | Gained mutation: You have a pair of small horns on your
                  | head. [demonic ancestry]
    84 | D:1      | Reached XP level 2. HP: 21/22 MP: 2/2
   191 | D:1      | Reached skill level 4 in Ranged Weapons
   374 | D:1      | Reached XP level 3. HP: 28/28 MP: 3/3
  1028 | D:2      | Identified the +3 pair of boots of Weatt {+Inv Regen+ Str-3
                  | SInv}
  1296 | D:2      | Found a faded altar of an unknown god.
  1623 | D:3      | Noticed Natasha
  1634 | D:3      | Killed Natasha
  1635 | D:3      | Reached XP level 4. HP: 26/34 MP: 4/4
  1661 | D:3      | Found a shimmering altar of Xom.
  1820 | D:3      | Gained mutation: You regenerate magic rapidly. [demonic
                  | ancestry]
  1820 | D:3      | Reached XP level 5. HP: 41/41 MP: 5/5
  1956 | D:3      | Found a broken altar of Ashenzari.
  2089 | D:3      | Noticed Natasha
  2093 | D:3      | Killed Natasha
  2094 | D:3      | Reached skill level 5 in Ranged Weapons
  2207 | D:3      | Noticed Natasha
  2210 | D:3      | Killed Natasha
  2417 | D:4      | Noticed a water moccasin
  2423 | D:4      | Gained mutation: Your movements are slightly less
                  | encumbered by armour. (ER -2) [demonic ancestry]
  2423 | D:4      | Reached XP level 6. HP: 43/47 MP: 6/6
  2441 | D:4      | Killed a water moccasin
  2679 | D:4      | Reached skill level 6 in Ranged Weapons
  2686 | D:4      | Reached XP level 7. HP: 52/54 MP: 7/7
  3273 | D:5      | Entered Level 5 of the Dungeon
  3529 | D:5      | Noticed Pikel
  3564 | D:4      | Killed Pikel
  3565 | D:4      | Reached skill level 5 in Fighting
  3565 | D:4      | Reached skill level 7 in Ranged Weapons
  3565 | D:4      | Reached XP level 8. HP: 44/62 MP: 8/8
  3594 | D:5      | Reached skill level 5 in Stealth
  3715 | D:5      | Mangled by an ogre

Illustrated notes

Levels and vault maps discovered:
D:1:      dpeg_arrival_rooms_b, layout_basic, serial_forest,
          infiniplex_forest_lined_4_way, infiniplex_forest_clump_C,
          infiniplex_forest_lined_room_3, infiniplex_forest_side_room,
          infiniplex_forest_diagonal, infiniplex_forest_clump_tiny,
          infiniplex_forest_lined_2
D:2:      layout_basic, dilly_ecumenical_altar_fadedgnrine
D:3:      layout_basic, xom_butterflies, mainiacjoe_overflow_tiny_flanked,
          hangedman_abyss_or_decor_lesser_grid, uniq_natasha
D:4:      layout_basic, hex_large
D:5:      layout_cave_pools, uniq_pikel

Skill      XL: |  1  2  3  4  5  6  7  8 |
---------------+-------------------------+-----
Stealth        | 1 2 3 4 5 |  5.0
Ranged Weapons | 4 5 6 7 |  7.8
Fighting       | 3 4 5 |  5.5
Dodging        | |  1.7

Action                     |  1- 3 |  4- 6 |  7- 9 || total
---------------------------+-------+-------+-------++-------
  Melee: Unarmed           |       |     4 |       ||     4
         Headbutt          |       |     2 |       ||     2
   Fire: Shortbow          |   125 |   145 |    26 ||   296
         Orcbow            |       |       |   117 ||   117
    Use: Scroll            |     5 |     2 |       ||     7
         Potion            |       |     3 |       ||     3
 Armour: Leather armour    |    33 |    51 |       ||    84
         Ring mail         |       |    16 |    76 ||    92
  Dodge: Dodged            |    45 |    35 |    66 ||   146

Table legend: (Time is in decaauts)
 A = Elapsed time spent in this place.
 B = Non-inter-level travel time spent in this place.
 C = Inter-level travel time spent in this place.
 D = Time resting spent in this place.
 E = Time spent auto-exploring this place.
 F = Levels seen in this place.
 G = Mean time per level.
                   A        B        C        D        E       F      G
               +--------+--------+--------+--------+--------+-----+--------+
         Total |   3826 |   3647 |    179 |    702 |   2150 |   5 |  765.2 |
       Dungeon |   3826 |   3647 |    179 |    702 |   2150 |   5 |  765.2 |
               +--------+--------+--------+--------+--------+-----+--------+

Top non-repeatable levels by time:
     D:4: 1156 daAuts
     D:1: 836 daAuts
     D:2: 808 daAuts
     D:3: 688 daAuts
     D:5: 336 daAuts
